woodfighter, chaotic female elven Rogue -.--- |.... |...| +.... --.-- #### # ------ --------- ### --------- |............$@| # |......... .............qq|### | |...........%...` ...............| ---------------- woodfighter the Cutpurse Experience level: 5 Strength: 14 Dexterity: 19 Constitution: 10 Intelligence: 12 Wisdom: 12 Charisma: 8 Health: 0(42) Energy: 26(26) Def: 6 Gold: 0 Moves: 2072 Dungeon seed: MResg-s4Wla6syGo Game ID: woodfighter_1511377263 Your Inventory: Weapons a - a blessed +0 elven short sword (weapon in hand) b - 11 +0 elven daggers (in quiver) Armor n - an uncursed +0 orcish helm (being worn) q - an uncursed +0 elven mithril-coat (being worn) Comestibles k - an uncursed sprig of wolfsbane x - an uncursed eucalyptus leaf M - 2 uncursed apples O - an uncursed food ration Wands h - a wand of opening (0:3) l - a wand of sleep (0:6) Tools g - an uncursed blindfold y - an uncursed lock pick Spells and supernatural/magical abilities: Name Level Category Fail Memory W - pray for help -- divine ? -- Your skills at the end: Miscellaneous Skills wands [Basic] Weapon Skills dagger [Basic] short sword [Basic] Spellcasting Skills Final Attributes: You were piously aligned. You were sleep resistant. You were telepathic. You had infravision. You were very stealthy. You are dead. Vanquished creatures: a dust vortex 2 fog clouds a gray ooze a puppy a floating eye an iguana a rothe 2 coyotes an acid blob 2 geckos a hobgoblin a giant rat a yellow mold 4 garter snakes a jackal 3 kobolds 2 newts 2 goblins a sewer rat 10 grid bugs 2 lichens a kobold zombie 42 creatures vanquished. Voluntary challenges: You did not adorn yourself with jewelry or accessories. You did not cause conflict. You were not invisible. You did not have reflection. You were not displaced. You used a wielded weapon 56 times, starting on turn 100. You did not apply a unicorn horn. You did not use plumbed fixtures. You did not drink any magical draughts. You were illiterate. You never genocided any monsters. You never polymorphed an object. You never changed form. You used no wishes. You never split a pudding. You never wrote Elbereth's name. You never violated your personal moral code. Dungeon overview: The Dungeons of Doom: levels 1 to 7 Level 1 a long staircase Level 2 an altar to Issek Level 3 an altar to Kos, some fountains stairs to The Gnomish Mines Level 4 an altar to Issek Level 5 Level 6 some fountains stairs to Sokoban Level 7 <- You were here The Gnomish Mines: Level 4 stairs to The Dungeons of Doom Sokoban: Level 5 a magic chest stairs to The Dungeons of Doom History has recorded: On T:1 you entered the Dungeons of Doom to retrieve the Amulet of Yendor! On T:284 you reached level 2 of The Dungeons of Doom. On T:350 you reached level 3 of The Dungeons of Doom. On T:425 you advanced to experience level 2. On T:629 you advanced to experience level 3. On T:647 you reached level 4 of The Dungeons of Doom. On T:923 you reached level 1 of The Gnomish Mines. On T:1025 you reached level 5 of The Dungeons of Doom. On T:1259 you prayed to Kos. On T:1474 you advanced to experience level 4. On T:1714 you reached level 6 of The Dungeons of Doom. On T:1943 you advanced to experience level 5. On T:1973 you reached level 4 of Sokoban. On T:2035 you reached level 7 of The Dungeons of Doom. Score breakdown: Gold: 0 ( 0 points) Experience: 5 levels ( 400 points) Exploration: 7 levels ( 180 points) Discoveries: 2 items ( 100 points) Variety of kills: 22 monsters ( 1100 points) Major goal: (nothing yet) ( 0 points) Survival: died (score multiplied by 3) Total score: 5340 Latest messages: This door is locked. WHAMMM!!! (2x) As you kick the door, it crashes open! You see here an egg. The rothe claws you! The rothe bites! The rothe misses. You stab the rothe. The rothe claws you! The rothe bites! (2x) You stab the rothe. (2x) The rothe misses. The rothe bites! The rothe misses. (2x) The rothe bites! (2x) You stab the rothe. The rothe claws you! The rothe bites! (2x) The rothe claws you! The rothe misses. The rothe bites! You stab the rothe. The rothe claws you! The rothe misses. The rothe bites! You die... Final status: Goodbye woodfighter the Rogue, killed by a rothe... You died in The Dungeons of Doom on dungeon level 7 with 5340 points, and 0 pieces of gold, after 2072 moves. You were level 5 with a maximum of 42 hit points when you died.